 Dungeon Crawl Stone Soup version 0.30-a0-772-g5528072125 (webtiles) character file.

Game seed: 2039684729353775054

411 kingofthe the Firebug (level 6, -4/36 HPs)
             Began as an Octopode Fire Elementalist on Feb 12, 2023.
             Splashed by a jelly's acid (11 damage)
             ... on level 4 of the Dungeon.
             The game lasted 00:11:27 (4059 turns).

kingofthe the Firebug (Octopode Fire Elementalist)  Turns: 4059, Time: 00:11:27

Health: -4/36      AC: -3    Str:  7    XL:     6   Next: 90%
Magic:  3/11       EV: 14    Int: 18    God:
Gold:   228        SH:  3    Dex: 14    Spells: 3/11 levels left

rFire   . . .      SeeInvis .    b - +0 short sword (freeze)
rCold   . . .      Faith    .    e - +0 buckler
rNeg    . . .      Spirit   .    (helmet restricted)
rPois   .          Reflect  .    (no amulet)
rElec   .          Harm     .    (no ring)
rCorr   .          Rampage  .    (no ring)
Will    .....                    (no ring)
Stlth   +++++                    (no ring)
HPRegen 0.26/turn                (no ring)
MPRegen 0.12/turn                (no ring)
                                 (no ring)
                                 (no ring)

@: corroded
A: almost no armour, amphibious, 8 rings, camouflage 1, gelatinous body 1,
nimble swimmer 1, tentacles
a: no special abilities


You were on level 4 of the Dungeon.
You visited 1 branch of the dungeon, and saw 4 of its levels.

You collected 228 gold pieces.

Inventory:

Hand Weapons
 b - a +0 short sword of freezing (weapon)
Armour
 e - a +0 buckler (worn)
Jewellery
 f - a ring of ice
Scrolls
 c - 2 scrolls of blinking {unknown}
 d - 3 scrolls of enchant weapon {unknown}
 h - 4 scrolls of teleportation {unknown}
 i - a scroll of brand weapon {unknown}
 j - 2 scrolls of fog {unknown}
 k - 3 scrolls of identify {unknown}
Potions
 a - 2 potions of magic
 g - 2 potions of haste {unknown}
 l - a potion of berserk rage {unknown}
 m - a potion of degeneration {unknown}


   Skills:
 * Level 3.9 Dodging
 + Level 4.1 Stealth
 * Level 3.3 Spellcasting
 + Level 2.5 Conjurations
 * Level 1.9 Translocations
 + Level 4.1 Fire Magic


You had 3 spell levels left.
You knew the following spells:

 Your Spells              Type           Power      Damage    Failure   Level
a - Foxfire               Conj/Fire      60%        2x1d7     5%          1
b - Scorch                Fire           34%        2d6       6%          2
c - Blink                 Tloc           20%        N/A       14%         2
d - Swiftness             Air            3%         N/A       54%         3

Your spell library contained the following spells:

 Spells                   Type           Power      Damage    Failure   Level
 Shock                    Conj/Air       28%        1d4       13%         1
 Momentum Strike          Conj/Tloc      22%        3d8       13%         2
 Lesser Beckoning         Tloc           20%        N/A       14%         2
 Inner Flame              Hex/Fire       10%        N/A       28%         3
 Kindle Blastsparks       Fire/Tloc/Air  20%        2d11      28%         3
 Flame Wave               Conj/Fire      15%        2d7       47%         4
 Airstrike                Air            1%         2d(1-17)  91%         4


Dungeon Overview and Level Annotations

Branches:
Dungeon (4/15)
 Temple: D:4-7

Altars:
Xom


Innate Abilities, Weirdness & Mutations

You cannot wear most types of armour.
You are amphibious.
You can wear up to eight rings at the same time.
Your skin changes colour to match your surroundings (Stealth+).
Your rubbery body absorbs attacks. (AC +1, EV +1)
You are camouflaged when in or above water. (Stealth+)
You have tentacles for arms and can constrict up to eight enemies at once.


Message History

Casting: Foxfire (safe; 5% risk of failure)
Confirm with . or Enter, or press ? or * to list all spells.
You miscast Foxfire.
You are very lightly contaminated with residual magic.
Nothing appears to happen.
The jelly hits you. The acid corrodes you!
You are splashed with acid!
The jelly attacks as you move away! The jelly closely misses you.
The dart slug launches a dart at you. The slug dart hits you.
The jelly closely misses you. The dart slug launches a dart at you.
You block the slug dart.
Casting: Foxfire (safe; 5% risk of failure)
Confirm with . or Enter, or press ? or * to list all spells.
Flames lash the iguana.
The iguana is heavily wounded.
The iguana's fire resistance burns away.
The jelly closely misses you.
Casting: Scorch (safe; 6% risk of failure)
Confirm with . or Enter, or press ? or * to list all spells.
Flames lash the iguana.
The iguana is heavily wounded.
The jelly hits you.
* * * LOW HITPOINT WARNING * * *
You are splashed with acid!
* * * LOW HITPOINT WARNING * * *
The jelly attacks as you move away! You block the jelly's attack.
The jelly jiggles.
Your magical contamination has completely faded away.
The jelly attacks as you move away! The jelly barely misses you.
The iguana is no longer more vulnerable to fire.
Found a fuming golden potion.
Found a scroll labelled DYENOW TOIHAID.
You are no longer corroded.
The jelly attacks as you move away! The jelly barely misses you.
You enter the shallow water.
The jelly attacks as you move away! The jelly hits you.
* * * LOW HITPOINT WARNING * * *
The acid corrodes you!
You are splashed with acid!
You die...

.w##.###.#.#######...######.###.#
...#.# #.#.##......#.........##.#
##.#.# #.#)#.# #........# #..##.#
#....# #.#...# #........# #..##.#
#...w###.###.###........###..##.#
.........####................#...
..............l..~~~~~..#........
......#########J~~...÷~.#.##.#...
#....## #.@.○°..~.#†##.##.#
#..!.# #.~.☼_..~.#.##.##.# .....#
##~..☼..~.#.##.##.# ######
#≈≈...~≈.#....##.#
##≈≈~~≈#.#.#####.# ###### #.# #.#
#.#####.# #........


You could see an iguana and a jelly.

Vanquished Creatures
  A scorpion (D:4)
  A hound (D:4)
  2 iguanas (D:4)
  An orc wizard (D:3)
  Terence (D:3)
  9 gnolls
  3 adders
  A white imp (D:4)
  3 dart slugs
  11 orcs
  8 endoplasms
  4 giant cockroaches
  4 goblins
  7 hobgoblins
  13 jackals
  8 kobolds
  4 quokkas
  2 ball pythons
  5 bats
  2 frilled lizards
  4 rats
94 creatures vanquished.

Vanquished Creatures (others)
  A black bear (D:4)
  320 foxfires
  22 plants (D:2)
343 creatures vanquished.

Grand Total: 437 creatures vanquished

Notes
Turn   | Place    | Note
-------+----------+-------------------------------------------
     0 | D:1      | kingofthe the Octopode Fire Elementalist began the quest
                  | for the Orb.
     0 | D:1      | Reached XP level 1. HP: 11/11 MP: 3/3
   115 | D:1      | Reached XP level 2. HP: 17/17 MP: 0/5
   405 | D:1      | Reached XP level 3. HP: 21/21 MP: 0/6
   697 | D:1      | Learned a level 2 spell: Scorch
   700 | D:1      | Learned a level 2 spell: Blink
  1467 | D:2      | Reached XP level 4. HP: 27/27 MP: 4/7
  2277 | D:2      | Reached XP level 5. HP: 31/31 MP: 1/9
  2487 | D:3      | Noticed Terence
  2500 | D:3      | Killed Terence
  2501 | D:3      | Reached skill level 1 in Translocations
  2832 | D:3      | Reached XP level 6. HP: 21/36 MP: 1/10
  3398 | D:3      | Learned a level 3 spell: Swiftness
  3467 | D:4      | Noticed a black bear
  3774 | D:4      | Killed a black bear
  3941 | D:4      | Found a shimmering altar of Xom.
  4059 | D:4      | Splashed by a jelly's acid

Illustrated notes

Levels and vault maps discovered:
D:1:      heliophobic_arrival_glass_houses, layout_loops_ring,
          chequers_decorated_corner
D:2:      layout_loops_ring, nicolae_grassy_gnolls
D:3:      layout_rooms, st_stairs_6, uniq_terence
D:4:      layout_loops_ring, xom_confusion_cloud, roderic_filled_cross,
          uniq_crazy_yiuf_cottage

Skill      XL: |  1  2  3  4  5  6 |
---------------+-------------------+-----
Stealth        | 3 4 |  4.1
Dodging        | 3 |  3.9
Conjurations   | 2 |  2.5
Translocations | 1 |  1.9
Spellcasting   | 3 |  3.3
Fire Magic     | 4 |  4.1

Action                     |  1- 3 |  4- 6 || total
---------------------------+-------+-------++-------
  Melee: Short sword       |    30 |    29 ||    59
         Tentacles         |     9 |     8 ||    17
         Constrict         |     8 |    10 ||    18
   Cast: Foxfire           |    62 |   130 ||   192
         Scorch            |       |    17 ||    17
 Armour: Skin              |     3 |     3 ||     6
  Dodge: Dodged            |    42 |    30 ||    72
  Block: Buckler           |       |    13 ||    13

Table legend: (Time is in decaauts)
 A = Elapsed time spent in this place.
 B = Non-inter-level travel time spent in this place.
 C = Inter-level travel time spent in this place.
 D = Time resting spent in this place.
 E = Time spent auto-exploring this place.
 F = Levels seen in this place.
 G = Mean time per level.
                   A        B        C        D        E       F      G
               +--------+--------+--------+--------+--------+-----+--------+
         Total |   4061 |   3919 |    142 |    504 |   2726 |   4 | 1015.2 |
       Dungeon |   4061 |   3919 |    142 |    504 |   2726 |   4 | 1015.2 |
               +--------+--------+--------+--------+--------+-----+--------+

Top non-repeatable levels by time:
     D:1: 1280 daAuts
     D:2: 1131 daAuts
     D:3: 1023 daAuts
     D:4: 626 daAuts
